 Dungeon Crawl Stone Soup version 0.19-a0-1170-g18f0c96 (webtiles) character file.

17 4thArraOfDagon the Ruffian (level 2, -5/26 HPs)
             Began as a Troll Artificer on Aug 16, 2016.
             Slain by a water moccasin (7 damage)
             ... on level 5 of the Dungeon.
             The game lasted 00:01:25 (253 turns).

4thArraOfDagon the Ruffian (Troll Artificer)         Turns: 253, Time: 00:01:26

Health: -5/26      AC:  5    Str: 19    XL:     2   Next: 44%
Magic:  2/2        EV: 10    Int:  7    God:
Gold:   49         SH:  0    Dex: 10    Spells: 0 memorised, 1 level left

rFire  . . .     SeeInvis .       - Unarmed
rCold  . . .     Gourm    +     b - +0 robe
rNeg   . . .     Faith    .     (no shield)
rPois  .         Spirit   .     (helmet restricted)
rElec  .         Dismiss  .     (no cloak)
rCorr  .         Reflect  .     (gloves unavailable)
MR     .....     Harm     .     (boots unavailable)
Stlth  +.........               (no amulet)
                                (no ring)
                                (no ring)

@: lethally poisoned (-5 -> -7), very slightly contaminated, invisible
A: unfitting armour, claws 3, fast metabolism 3, gourmand, regeneration 2,
shaggy fur 1, tough skin 2
a: no special abilities


You were on level 5 of the Dungeon.
You were full.

You visited 1 branch of the dungeon, and saw 5 of its levels.

You collected 49 gold pieces.

Inventory:

Missiles
 h - 7 javelins (quivered)
Armour
 b - a +0 robe (worn)
Wands
 c - a wand of flame (15/48)
 d - a wand of enslavement (15/24)
 e - a wand of random effects (15/48)
Scrolls
 g - a scroll of teleportation {unknown}
 k - a scroll of enchant armour {unknown}
Comestibles
 f - 2 bread rations


   Skills:
 - Level 0.7 Fighting
   Level 0.7 Short Blades
 - Level 1.5 Dodging
 - Level 0.4 Stealth
 * Level 2.2 Unarmed Combat
 - Level 2.1 Evocations


You had one spell level left.
You didn't know any spells.

Dungeon Overview and Level Annotations

Branches:
Dungeon (5/15)
 Temple: D:4-7

Altars:
Kikubaaqudgha


Innate Abilities, Weirdness & Mutations

You are too large for most types of armour.
You have claws for hands.
Your metabolism is lightning-fast.
You like to eat raw meat.
You heal very quickly.
You are covered in fur. (AC +1)
You have very tough skin. (AC +2)


Message History

The water moccasin is moderately wounded.
You feel sick. The water moccasin bites you.
You barely miss the water moccasin.
The water moccasin is moderately wounded.
You feel sick. The water moccasin bites you.
The water moccasin closely misses you.
You catch the helpless water moccasin completely off-guard!
You claw the water moccasin!
The water moccasin is heavily wounded.
The water moccasin bites you.
You feel sick. The water moccasin bites you.
* * * LOW HITPOINT WARNING * * *
The water moccasin bites you.
* * * LOW HITPOINT WARNING * * *
Unknown command.
You miss the water moccasin.
The water moccasin is heavily wounded.
* * * LOW HITPOINT WARNING * * *
You feel sick. The water moccasin bites you!
You die...

## ...
... ###.#
#.....
#...<.###
......S@#
#.....#<#
#.... #.#
###. #.#
.. #.# #.
... . ..#
###


You could see a water moccasin.

Vanquished Creatures
  An adder (D:3)
  2 orcs (D:3)
  A bat (D:1)
  2 hobgoblins (D:3)
6 creatures vanquished.

Notes
Turn   | Place    | Note
-------+----------+-------------------------------------------
     0 | D:1      | 4thArraOfDagon the Troll Artificer began the quest for the Orb.
     0 | D:1      | Reached XP level 1. HP: 18/18 MP: 1/1
   158 | D:3      | Reached skill level 1 in Unarmed Combat
   177 | D:3      | Found an ancient bone altar of Kikubaaqudgha.
   195 | D:3      | Reached XP level 2. HP: 20/26 MP: 2/2
   241 | D:5      | Entered Level 5 of the Dungeon
   244 | D:5      | Noticed a water moccasin
   253 | D:5      | Slain by a water moccasin

Vault maps used:
D:1:      dpeg_arrival_radiant, okawaru_ov_weapons_minmay
D:2:      lemuel_crystal_altar, nicolae_overflow_hidden_temple, serial_glass,
          glass_columns_a, glass_columns_c, glass_columns_b, glass_columns_c,
          glass_columns_a, glass_columns_a, glass_columns_b, glass_columns_a,
          glass_columns_c, glass_columns_a, glass_columns_a, glass_columns_c,
          glass_columns_a, glass_columns_b
D:3:      lemuel_crystal_altar, marbit_many_paths, dk_yredelemnul_ordeal,
          uniq_crazy_yiuf_cottage
D:5:      first_bread, uniq_duvessa, uniq_edmund

Skill      XL: |  1 |
---------------+----+-----
Unarmed Combat | 2 |  2.2
Fighting       | |  0.7
Short Blades   | |  0.7
Dodging        | |  1.5
Stealth        | |  0.4
Evocations     | |  2.1

Action                   || total
-------------------------++-------
Melee: Unarmed           ||    35
  Use: Scroll            ||     2
       Potion            ||     1
 Stab: Invisible         ||     2
  Eat: Chunk             ||     4
Armor: Robe              ||    22
Dodge: Dodged            ||    34
